 Dungeon Sprint DCSS version 0.23.0-33-g5e6c059 (webtiles) character file.

Game seed: 4399726538918040292

27800000 Fang the Conqueror (level 27, -8593/249 HPs)
             Began as a Demonspawn Gladiator on Feb 26, 2019.
             Was the Champion of Makhleb.
             Annihilated by The Meatlord
             ... wielding the +7 sceptre of Torment {pain, torment}
              (8830 damage)
             ... in the Dungeon (Sprint VIII: "Arena of Blood").
             The game lasted 00:02:44 (278 turns).

Fang the Conqueror (Demonspawn Gladiator)            Turns: 278, Time: 00:02:45

Health: -8593/249  AC:  6    Str: 23    XL:     27
Magic:  0/54       EV: 33    Int: 11    God:    Makhleb [******]
Gold:   0          SH:  0    Dex: 18    Spells: 80/80 levels left

rFire    . . .     SeeInvis .   l - +∞ Axe of Woe
rCold    . . .     Gourm    .   (shield currently unavailable)
rNeg     . . .     Faith    .   b - +0 leather armour
rPois    .         Spirit   +   (helmet unavailable)
rElec    .         Reflect  .   (no cloak)
rCorr    .         Harm     .   (gloves unavailable)
MR       ++...     NoTele   +   (boots unavailable)
Stlth    ++++++++++             (no amulet)
HPRegen  0.51/turn              (no ring)
MPRegen  0.68/turn              (no ring)

@: no status effects
A: claws 3, horns 3, talons 3, nightstalker 3, augmentation 3, magic shield,
magic regeneration, magic link
a: Minor Destruction, Lesser Servant of Makhleb, Major Destruction, Greater
Servant of Makhleb, Renounce Religion


You were in the Dungeon.
You worshipped Makhleb.
Makhleb was exalted by your worship.
You were not hungry.

You visited 1 branch

Inventory:

Hand Weapons
 a - a +0 war axe
 l - the +∞ Axe of Woe (weapon)
   (You found it in the Dungeon)
Missiles
 d - 3 throwing nets (quivered)
Armour
 b - a +0 leather armour (worn)
 c - a +0 helmet
Jewellery
 m - a +30 ring of slaying
 n - a +30 ring of slaying
 o - a +30 ring of slaying
 p - a +30 ring of slaying
 q - a +30 ring of slaying
 r - a +30 ring of slaying
 s - a +30 ring of slaying
 t - a +30 ring of slaying
 u - a +30 ring of slaying
 v - a +30 ring of slaying
Scrolls
 k - a scroll of blinking
Potions
 e - a potion of curing
 g - a potion of heal wounds
 h - a potion of haste
 i - 2 potions of magic
 j - a potion of berserk rage
Comestibles
 f - a ration


   Skills:
 O Level 27 Fighting
 O Level 27 Axes
 O Level 27 Throwing
 O Level 27 Armour
 O Level 27 Dodging
 O Level 27 Stealth
 O Level 27 Unarmed Combat
 O Level 27 Spellcasting
 O Level 27 Invocations


You had 80 spell levels left.
You didn't know any spells.
Your spell library was empty.

Dungeon Overview and Level Annotations

Branches:
Dungeon (1/1)

Altars:
Makhleb

Annotations:
D The Meatlord


Innate Abilities, Weirdness & Mutations

You have claws for hands.
You have a pair of large horns on your head.
You have claws for feet.
You are completely attuned to the shadows.
Your magical and physical power is greatly enhanced at high health.
When hurt, damage is shared between your health and your magic reserves.
You regenerate magic rapidly.
When low on magic, you restore magic in place of health.


Message History

You kill the bag of meat!
Makhleb accepts your kill.
You are engulfed in blazing flames.
You hear a shout! x8
A bag of meat comes into view. It is wielding a +9 war axe.
The ball lightning explodes!
The blast of lightning engulfs the starcursed mass!
The blast of lightning engulfs the ball lightning.
The ball lightning completely resists.
The blast of lightning engulfs The Meatlord.
The Meatlord completely resists.
The blast of lightning engulfs the bag of meat! x2
The blast of lightning engulfs the starcursed mass!
The blast of lightning engulfs you!
The starcursed mass shudders and is absorbed by its neighbour.
The starcursed mass shudders and withdraws towards its neighbour. x2
The meat berserker is engulfed in blazing flames.
The Meatlord hits you with the +7 sceptre of Torment {pain, torment}!!!!!!!!!!
Ouch! That really hurt!
You die...

#...))).....))........
.#..)..)...))).......)
....)).......)........
.............)........
....#)).....#........
....#)......#........
%.###)).....###......
..§§§)o###..)....))..
%..O@).._.)).).......
...*&#%%)..#))....)#.
....o#_.<)_#.........
.....#).)..#......#.#
.o...X.)_............
......§###......
..###.○§§...###.. .
#.§§§...# . #.......#


You could see The Meatlord, a starcursed mass, a meat berserker (berserk), 3
bags of meat and a ball lightning (wandering).

Vanquished Creatures
  3 vampire knights (D)
  16 ogres (D)
  6 two-headed ogres (D)
  113 orcs (D)
  A ball lightning (D)
139 creatures vanquished.

Vanquished Creatures (others)
  2 ball lightnings (D)
2 creatures vanquished.

Grand Total: 141 creatures vanquished

Notes
Turn   | Place    | Note
-------+----------+-------------------------------------------
     0 | D        | Found the +∞ Axe of Woe
     0 | D        | Fang the Demonspawn Gladiator began the quest for the Orb.
     0 | D        | Reached XP level 1. HP: 16/16 MP: 1/1
     2 | D        | Noticed a bag of meat
     4 | D        | Became a worshipper of Makhleb the Destroyer
     5 | D        | Noticed a bag of meat
     6 | D        | Noticed a bag of meat
     6 | D        | Noticed a bag of meat
    10 | D        | Killed a bag of meat
    10 | D        | Gained mutation: When hurt, damage is shared between your
                  | health and your magic reserves. [demonic ancestry]
    10 | D        | Reached XP level 2. HP: 43/43 MP: 2/2
    10 | D        | Reached XP level 3. HP: 49/49 MP: 3/3
    10 | D        | Gained mutation: You have a pair of small horns on your
                  | head. [demonic ancestry]
    10 | D        | Reached XP level 4. HP: 56/56 MP: 4/4
    10 | D        | Gained mutation: You are slightly more attuned to the
                  | shadows. [demonic ancestry]
    10 | D        | Reached XP level 5. HP: 62/62 MP: 5/5
    10 | D        | Reached XP level 6. HP: 69/69 MP: 6/6
    10 | D        | Gained mutation: You have a pair of horns on your head.
                  | [demonic ancestry]
    10 | D        | Reached XP level 7. HP: 75/75 MP: 7/7
    10 | D        | Gained mutation: You are significantly more attuned to the
                  | shadows. [demonic ancestry]
    10 | D        | Reached XP level 8. HP: 82/82 MP: 8/8
    10 | D        | Reached XP level 9. HP: 88/88 MP: 9/9
    10 | D        | Gained mutation: You have sharp toenails. [demonic
                  | ancestry]
    10 | D        | Reached XP level 10. HP: 95/95 MP: 10/10
    10 | D        | Gained mutation: You regenerate magic rapidly. [demonic
                  | ancestry]
    10 | D        | Reached XP level 11. HP: 101/101 MP: 11/11
    10 | D        | Killed a bag of meat
    10 | D        | Reached * piety under Makhleb
    10 | D        | Reached skill level 15 in Axes
    10 | D        | Reached skill level 15 in Throwing
    10 | D        | Reached skill level 15 in Dodging
    10 | D        | Gained mutation: Your magical and physical power is
                  | slightly enhanced at high health. [demonic ancestry]
    10 | D        | Reached XP level 12. HP: 113/113 MP: 12/12
    11 | D        | Killed a bag of meat
    11 | D        | Gained mutation: You have razor-sharp toenails. [demonic
                  | ancestry]
    11 | D        | Reached XP level 13. HP: 109/122 MP: 11/13
    12 | D        | Killed a bag of meat
    12 | D        | Gained mutation: You have sharp fingernails. [demonic
                  | ancestry]
    12 | D        | Reached XP level 14. HP: 119/133 MP: 11/14
    13 | D        | Noticed a bag of meat
    14 | D        | Noticed a bag of meat
    18 | D        | Killed a bag of meat
    18 | D        | Reached ** piety under Makhleb
    19 | D        | Killed a bag of meat
    19 | D        | Gained mutation: You have very sharp fingernails. [demonic
                  | ancestry]
    19 | D        | Reached XP level 15. HP: 144/144 MP: 11/15
    23 | D        | Noticed a large bag of meat
    25 | D        | Noticed a meat berserker
    27 | D        | Killed a large bag of meat
    27 | D        | Reached *** piety under Makhleb
    27 | D        | Gained mutation: You have a pair of large horns on your
                  | head. [demonic ancestry]
    27 | D        | Reached XP level 16. HP: 157/157 MP: 10/16
    28 | D        | Killed a meat berserker
    29 | D        | Noticed a meat berserker
    32 | D        | Killed a meat berserker
    32 | D        | Gained mutation: You are completely attuned to the shadows.
                  | [demonic ancestry]
    32 | D        | Reached XP level 17. HP: 171/171 MP: 10/17
    39 | D        | Noticed a meat berserker
    42 | D        | Killed a meat berserker
    42 | D        | Reached **** piety under Makhleb
    42 | D        | Reached skill level 27 in Fighting
    48 | D        | Noticed a meat berserker
    49 | D        | Gained mutation: You have claws for hands. [demonic
                  | ancestry]
    49 | D        | Reached XP level 18. HP: 182/182 MP: 15/18
    49 | D        | Reached skill level 27 in Axes
    49 | D        | Reached skill level 27 in Throwing
    49 | D        | Reached skill level 27 in Dodging
    49 | D        | Reached skill level 5 in Armour
    49 | D        | Reached skill level 5 in Unarmed Combat
    49 | D        | Reached skill level 5 in Spellcasting
    49 | D        | Noticed a meat berserker
    50 | D        | Reached ***** piety under Makhleb
    50 | D        | Reached skill level 10 in Armour
    50 | D        | Reached skill level 10 in Unarmed Combat
    50 | D        | Reached skill level 10 in Spellcasting
    50 | D        | Gained mutation: You have claws for feet. [demonic
                  | ancestry]
    50 | D        | Reached XP level 19. HP: 189/189 MP: 15/33
    52 | D        | Killed a meat berserker
    52 | D        | Killed a meat berserker
    52 | D        | Reached skill level 15 in Armour
    52 | D        | Reached skill level 15 in Unarmed Combat
    52 | D        | Reached skill level 15 in Spellcasting
    53 | D        | Reached XP level 20. HP: 176/197 MP: 8/41
    55 | D        | Reached ****** piety under Makhleb
    56 | D        | Reached skill level 27 in Invocations
    57 | D        | Gained mutation: Your magical and physical power is
                  | enhanced at high health. [demonic ancestry]
    57 | D        | Reached XP level 21. HP: 204/204 MP: 10/46
    96 | D        | Reached XP level 22. HP: 184/212 MP: 20/50
    96 | D        | Reached skill level 27 in Stealth
    97 | D        | Reached skill level 27 in Armour
    97 | D        | Reached skill level 27 in Unarmed Combat
    97 | D        | Reached skill level 27 in Spellcasting
    98 | D        | Reached XP level 23. HP: 219/219 MP: 18/54
   108 | D        | Gained mutation: Your magical and physical power is greatly
                  | enhanced at high health. [demonic ancestry]
   108 | D        | Reached XP level 24. HP: 227/227 MP: 21/54
   110 | D        | Noticed a destroyer
   116 | D        | Noticed a large bag of meat
   124 | D        | Killed a large bag of meat
   126 | D        | Reached XP level 25. HP: 234/234 MP: 17/54
   132 | D        | Noticed a destroyer
   134 | D        | Killed a destroyer
   134 | D        | Reached XP level 26. HP: 242/242 MP: 16/54
   136 | D        | Killed a destroyer
   145 | D        | Gained mutation: When low on magic, you restore magic in
                  | place of health. [demonic ancestry]
   145 | D        | Reached XP level 27. HP: 249/249 MP: 18/54
   226 | D        | Noticed a large bag of meat
   229 | D        | Killed a large bag of meat
   230 | D        | Noticed a large bag of meat
   236 | D        | Killed a large bag of meat
   236 | D        | Noticed a large bag of meat
   242 | D        | Killed a large bag of meat
   250 | D        | Noticed a destroyer
   259 | D        | Killed a destroyer
   268 | D        | Noticed a large bag of meat
   270 | D        | Noticed The Meatlord
   273 | D        | Killed a large bag of meat
   278 | D        | Annihilated by The Meatlord

Skill      XL: |  1  2  3  4  5  6  7  8  9 10 11 12 13 14 15 16 17 18 19 20 21 22 |
---------------+-------------------------------------------------------------------+-----
Fighting       | 14 16 18 19 21 23 26 27 | 27.0
Axes           | 13 15 17 18 19 21 24 26 27 | 27.0
Throwing       | 13 15 16 18 19 21 24 26 27 | 27.0
Dodging        | 13 15 17 18 19 21 24 26 27 | 27.0
Armour         | 10 17 21 24 27 | 27.0
Stealth        | 11 18 22 26 27 | 27.0
Unarmed Combat | 10 17 21 24 27 | 27.0
Spellcasting   | 10 17 21 24 27 | 27.0
Invocations    | 14 22 27 | 27.0

Action                   |  1- 3 |  4- 6 |  7- 9 | 10-12 | 13-15 | 16-18 | 19-21 | 22-24 | 25-27 || total
-------------------------+-------+-------+-------+-------+-------+-------+-------+-------+-------++-------
Melee: Executioner's axe |     1 |       |       |     1 |     5 |     5 |    11 |    11 |    53 ||    87
Dodge: Dodged            |       |       |       |       |       |     2 |     2 |     7 |     7 ||    18
